 Dungeon Crawl Stone Soup version 0.26-a0-631-ged93497179 (webtiles) character file.

Game seed: 9281522303000201355

3672 Drevant2 the Arsonist (level 10, -4/63 HPs)
             Began as a Human Fire Elementalist on Sept 13, 2020.
             Was a Believer of Qazlal.
             Slain by a killer bee (6 damage)
             ... on level 8 of the Dungeon.
             The game lasted 00:43:53 (13639 turns).

Drevant2 the Arsonist (Human Fire Elementalist)    Turns: 13639, Time: 00:43:53

Health: -4/63      AC:  4    Str: 12    XL:     10   Next: 34%
Magic:  3/13       EV: 13    Int: 18    God:    Qazlal [**....]
Gold:   477        SH:  3    Dex: 22    Spells: 5/13 levels left

rFire    + . .     SeeInvis .   b - +0 short sword of the Eternal Warrior {protect, rElec rN++}
rCold    + . .     Faith    .   (no shield)
rNeg     + + .     Spirit   .   a - +1 robe
rPois    +         Reflect  .   (no helmet)
rElec    +         Harm     .   (no cloak)
rCorr    +         Rampage  .   (no gloves)
MR       .....                  g - +0 pair of boots (curse)
Stlth    ++........             (no amulet)
HPRegen  0.20/turn              m - ring of Xofyjavahi {*Contam rElec rPois Str+3 Dex+8}
MPRegen  0.13/turn              (no ring)

@: mighty, resistant
A: no striking features
a: Upheaval, Renounce Religion


You were on level 8 of the Dungeon.
You worshipped Qazlal.
Qazlal was pleased with you.
You visited 2 branches of the dungeon, and saw 9 of its levels.
You also visited: Ossuary.

You collected 477 gold pieces.

Inventory:

Hand Weapons
 b - the +0 short sword of the Eternal Warrior (weapon) {protect, rElec rN++}
   (You found it on level 5 of the Dungeon)

   It grants its wielder temporary protection when it strikes (+7 to AC).
   It insulates you from electricity.
   It greatly protects you from negative energy.
 h - a +2 short sword of speed
 t - a +1 vampiric war axe
 v - a +2 whip of flaming
Armour
 a - a +1 robe (worn)
 g - a cursed +0 pair of boots (worn)
 i - a +0 pair of boots
Jewellery
 j - an uncursed amulet of faith {unknown}
 m - the ring of Xofyjavahi (left hand) {*Contam rElec rPois Str+3 Dex+8}
   (You found it on level 6 of the Dungeon)

   [ring of poison resistance]

   It affects your strength (+3).
   It affects your dexterity (+8).
   It insulates you from electricity.
   It protects you from poison.
   It causes magical contamination when unequipped.
Wands
 s - a wand of polymorph (3)
 w - a wand of acid (4)
 C - a wand of disintegration (18)
Scrolls
 d - 3 scrolls of enchant armour
 e - 12 scrolls of identify
 k - 5 scrolls of magic mapping
 l - 8 scrolls of remove curse
 n - a scroll of noise
 r - a scroll of immolation
 y - a scroll of fog {unknown}
 G - a scroll of amnesia
Potions
 c - a potion of curing
 f - a potion of magic {unknown}
 o - 2 potions of haste {unknown}
 p - a potion of degeneration {unknown}
 q - 2 potions of might
 u - 2 potions of mutation {unknown}
 x - a potion of flight {unknown}
 A - a potion of berserk rage {unknown}
 B - a potion of ambrosia {unknown}
 D - a potion of invisibility {unknown}
 E - a potion of stabbing {unknown}


   Skills:
 - Level 2.0 Dodging
 - Level 2.0 Stealth
 - Level 2.0 Spellcasting
 + Level 8.3 Conjurations
 * Level 11.8 Fire Magic


You had 5 spell levels left.
You knew the following spells:

 Your Spells              Type           Power        Failure   Level
a - Foxfire               Conj/Fire      ####         1%          1
b - Conjure Flame         Conj/Fire      #####...     1%          3
c - Sticky Flame          Conj/Fire      #####...     3%          4

Your spell library contained the following spells:

 Spells                   Type           Power        Failure   Level
 Inner Flame              Hex/Fire       ###.....     4%          3
 Fireball                 Conj/Fire      #####.....   9%          5


Dungeon Overview and Level Annotations

Branches:
Dungeon (8/15)             Temple (1/1) D:4         Ossuary (visited)
   Lair: D:8-11

Altars:
Cheibriados
Dithmenos
Elyvilon
Fedhas
Gozag
Hepliaklqana
Kikubaaqudgha
Makhleb
Nemelex Xobeh
Okawaru
Qazlal
Ru
Sif Muna
Trog
Uskayaw
Vehumet
Wu Jian
Xom
Yredelemnul
Zin
The Shining One

Annotations:
D:5 Duvessa
D:6 Sigmund
D:7 2 transporters, 1 runed translucent door, Migumi's ghost, novice GnWn


Message History

Confirm with . or Enter, or press ? or * to list all spells.
You conjure some foxfire!
The killer bee closely misses you. You block the killer bee's attack.
The killer bee stings you but does no damage.
The killer bee barely misses you.
You barely miss the killer bee.
The killer bee is severely wounded.
The foxfire hits the killer bee but does no damage.
The killer bee is severely wounded.
The foxfire hits the killer bee!
The killer bee is heavily wounded.
The killer bee stings you but does no damage.
The killer bee stings you.
* * * LOW HITPOINT WARNING * * *
The killer bee stings you.
* * * LOW HITPOINT WARNING * * *
The killer bee stings you.
* * * LOW HITPOINT WARNING * * *
The killer bee stings you.
You die...

#....#####......# #.....y.
#.##............#####.....Z.
#.########................).
#.# #.....†####..(..... #.#
#......#####....... #.#
#........# #......> #.#
###.####......)....
#####.### #y.# ####.......
#.......# ###@## ...###.##
#.......#####.y§### .## ..
#......................
######..........######.
#######........#...
.....##........####...
......#.#####......>#..
........# #.#####...####
........# #.###....##..####


You could see 2 killer bees.

Vanquished Creatures
  A wraith (Ossuary)
  Eustachio (D:6)
  5 yaks
  2 water moccasins
  A black bear (D:7)
  2 phantoms (D:6)
  An ice beast (D:8)
  A sky beast (D:5)
  3 ogres
  4 centaurs
  Blork the orc (D:6)
  A scorpion (D:6)
  10 killer bees (D:8)
  A bullfrog zombie (D:8)
  3 hounds
  2 jellies
  2 orc wizards
  2 bullfrog skeletons
  3 iguanas (D:7)
  6 worker ants
  A hound zombie (D:7)
  3 mummies (Ossuary)
  A worker ant zombie (D:7)
  12 gnolls
  8 adders
  2 white imps (D:5)
  2 ufetubi
  2 oozes (D:3)
  4 adder skeletons
  2 worms
  A dart slug (D:2)
  6 leopard geckos
  15 orcs
  3 ball pythons
  6 bats
  4 giant cockroaches
  8 goblins
  7 hobgoblins
  3 jackals (D:2)
  4 quokkas
  11 frilled lizards
  7 goblin zombies (Ossuary)
  2 hobgoblin zombies (Ossuary)
  5 kobolds
  A kobold zombie (Ossuary)
  2 leopard gecko skeletons
  4 rats
178 creatures vanquished.

Vanquished Creatures (others)
  488 foxfires
  2 withered plants (D:7)
490 creatures vanquished.

Grand Total: 668 creatures vanquished

Notes
Turn   | Place    | Note
-------+----------+-------------------------------------------
     0 | D:1      | Drevant2 the Human Fire Elementalist began the quest for
                  | the Orb.
     0 | D:1      | Reached XP level 1. HP: 13/13 MP: 3/3
   372 | D:1      | Reached XP level 2. HP: 19/19 MP: 1/5
  1527 | D:2      | Reached XP level 3. HP: 22/24 MP: 3/6
  1691 | D:2      | Reached skill level 4 in Fire Magic
  1927 | D:2      | Reached XP level 4. HP: 28/30 MP: 2/7
  2399 | D:2      | Reached XP level 5. HP: 24/35 MP: 0/8
  2555 | D:2      | Learned a level 3 spell: Conjure Flame
  2560 | D:2      | Learned a level 4 spell: Sticky Flame
  2867 | D:3      | Found an iron altar of Okawaru.
  3029 | D:3      | Reached skill level 5 in Fire Magic
  3936 | D:3      | Reached XP level 6. HP: 41/41 MP: 2/9
  4590 | D:4      | Found an ancient bone altar of Kikubaaqudgha.
  4591 | D:4      | Found a white marble altar of Elyvilon.
  4596 | D:4      | Found a staircase to the Ecumenical Temple.
  4829 | D:4      | Reached skill level 6 in Fire Magic
  4877 | D:4      | Found a basalt altar of Yredelemnul.
  4929 | D:4      | Noticed an ogre
  5228 | D:4      | Reached XP level 7. HP: 26/46 MP: 10/10
  5902 | Temple   | Entered the Ecumenical Temple
  6106 | Temple   | Became a worshipper of Qazlal Stormbringer
  6208 | D:5      | Entered Level 5 of the Dungeon
  6284 | D:5      | Found a shadowy altar of Dithmenos.
  6627 | D:5      | Found an opulent altar of Gozag.
  6645 | D:5      | Reached skill level 7 in Fire Magic
  7048 | D:5      | Reached XP level 8. HP: 51/52 MP: 5/11
  7242 | D:5      | Noticed Duvessa
  7524 | D:5      | Found a bloodstained altar of Trog.
  7637 | D:6      | Reached skill level 5 in Conjurations
  7827 | D:6      | Found a shimmering blue altar of Sif Muna.
  7827 | D:6      | Noticed Sigmund
  7964 | D:6      | Noticed Blork the orc
  7976 | D:6      | Killed Blork the orc
  8092 | D:6      | Reached skill level 8 in Fire Magic
  8097 | D:6      | Noticed Eustachio
  8408 | D:5      | Got a fine short sword
  8411 | D:5      | Identified the +0 short sword of the Eternal Warrior
                  | {protect, rElec rN++} (You found it on level 5 of the
                  | Dungeon)
  8630 | D:6      | Got a clouded platinum ring
  8635 | D:6      | Identified the ring of Xofyjavahi {*Contam rElec rPois
                  | Str+3 Dex+8} (You found it on level 6 of the Dungeon)
  8811 | D:7      | Found a burning altar of Makhleb.
  8831 | D:7      | Reached * piety under Qazlal
  9395 | D:7      | Reached skill level 9 in Fire Magic
  9504 | D:7      | Found a sand-covered staircase.
  9509 | Ossuary  | Entered an ossuary
  9509 | Ossuary  | Noticed a wraith
  9509 | Ossuary  | Noticed a wraith
  9509 | Ossuary  | Noticed a wraith
  9872 | Ossuary  | Reached XP level 9. HP: 57/57 MP: 8/12
 10546 | D:7      | Found a transporter.
 10640 | D:7      | Found a transporter.
 10763 | D:7      | Reached skill level 10 in Fire Magic
 10951 | D:6      | Reached ** piety under Qazlal
 11236 | D:6      | Killed Eustachio
 11645 | D:7      | Found a runed translucent door.
 11786 | D:7      | Noticed Migumi's ghost (novice GnWn)
 12433 | D:7      | Reached skill level 11 in Fire Magic
 12433 | D:7      | Reached XP level 10. HP: 34/63 MP: 1/13
 13469 | D:8      | Found a shimmering altar of Xom.
 13625 | D:8      | HP: 1/63 [killer bee (5)]
 13639 | D:8      | HP: 2/63 [killer bee (4)]
 13639 | D:8      | Slain by a killer bee

Illustrated notes

Levels and vault maps discovered:
D:1:      dpeg_arrival_round_a, layout_loops_ring
D:2:      minmay_skewed_foursquare, layout_loops_ring
D:3:      layout_rooms, okawaru_metal_pillars_1_2
D:4:      layout_basic, nicolae_overflow_hidden_temple, lemuel_crystal_altar,
          minmay_temple_entry_drinking_statues
D:5:      layout_rooms, lightli_temple_of_fire, overflow_temple_1_default,
          grunt_gozag_statues, kennysheep_generic_room_2, uniq_duvessa
D:6:      layout_rooms, led_sif_pool, minmay_misc_feat_chi, uniq_blork_the_orc,
          uniq_sigmund, uniq_eustachio
D:7:      gammafunk_cloud_chamber, layout_loops_corners, bloody_makhleb,
          gammafunk_ghost_grave, nicolae_ossuary_entry_ruins,
          hangedman_decor_riveting
D:8:      layout_rooms, cheibrodos_ashenzari_chains, tgw_xom
Temple:   nicolae_temple_figure_eight

Skill      XL: |  1  2  3  4  5  6  7  8  9 10 |
---------------+-------------------------------+-----
Fire Magic     | 4 5 6 7 9 11 | 11.8
Conjurations   | 2 3 4 5 7 8 |  8.3
Dodging        | |  2.0
Stealth        | |  2.0
Spellcasting   | |  2.0

Action                   |  1- 3 |  4- 6 |  7- 9 | 10-12 || total
-------------------------+-------+-------+-------+-------++-------
Melee: Unarmed           |    13 |       |       |       ||    13
       Mace              |    10 |       |       |       ||    10
       Short sword       |    23 |   100 |   199 |    18 ||   340
 Cast: Foxfire           |    48 |    79 |   165 |    44 ||   336
       Conjure Flame     |       |       |     6 |     1 ||     7
       Sticky Flame      |       |       |    10 |     4 ||    14
  Use: Scroll            |       |     3 |    10 |     2 ||    15
       Potion            |       |     1 |     6 |     8 ||    15
 Stab: Sleeping          |     1 |     2 |     1 |       ||     4
       Distracted        |       |       |     1 |       ||     1
Armor: Robe              |    12 |    18 |    71 |    12 ||   113
Dodge: Dodged            |    42 |    73 |   171 |    62 ||   348
Block: Other             |       |       |     7 |    10 ||    17

Table legend: (Time is in decaauts)
 A = Elapsed time spent in this place.
 B = Non-inter-level travel time spent in this place.
 C = Inter-level travel time spent in this place.
 D = Time resting spent in this place.
 E = Time spent auto-exploring this place.
 F = Levels seen in this place.
 G = Mean time per level.
                   A        B        C        D        E       F      G
               +--------+--------+--------+--------+--------+-----+--------+
         Total |  13643 |  11887 |   1756 |   5466 |   3602 |  10 | 1364.3 |
       Dungeon |  12469 |  10798 |   1671 |   5057 |   3380 |   8 | 1558.6 |
        Temple |    252 |    167 |     85 |      0 |    164 |   1 |  252.0 |
       Ossuary |    921 |    921 |      0 |    409 |     58 |   1 |  921.0 |
               +--------+--------+--------+--------+--------+-----+--------+

Top non-repeatable levels by time:
     D:2: 2243 daAuts
     D:7: 2098 daAuts
     D:5: 1768 daAuts
     D:4: 1749 daAuts
     D:6: 1548 daAuts
     D:1: 1354 daAuts
 Ossuary: 921 daAuts
     D:8: 895 daAuts
     D:3: 811 daAuts
  Temple: 252 daAuts
